 Dungeon Crawl Stone Soup version 0.24.0-13-gcf9b3192b9 (webtiles) character file.

Game seed: 13702575939077068592, levelgen mode: deterministic

51 Arum the Ducker (level 3, -3/28 HPs)
             Began as a Demonspawn Gladiator on Nov 10, 2019.
             Slain by a gnoll
             ... wielding a +0 spear
              (4 damage)
             ... on level 2 of the Dungeon.
             The game lasted 00:02:03 (1226 turns).

Arum the Ducker (Demonspawn Gladiator)              Turns: 1226, Time: 00:02:03

Health: -3/28      AC: 10    Str: 14    XL:     3   Next: 57%
Magic:  3/3        EV: 10    Int:  9    God:
Gold:   115        SH:  0    Dex: 15    Spells: 2/2 levels left

rFire    . . .     SeeInvis .     - Unarmed
rCold    . . .     Gourm    .   (no shield)
rNeg     . . .     Faith    .   n - +0 scale mail
rPois    .         Spirit   .   b - +0 helmet
rElec    .         Reflect  .   (no cloak)
rCorr    .         Harm     .   (no gloves)
MR       .....                  p - +0 pair of boots (curse)
Stlth    ..........             (no amulet)
HPRegen  0.09/turn              (no ring)
MPRegen  0.08/turn              (no ring)

@: no status effects
A: thin metallic scales 1
a: no special abilities


You were on level 2 of the Dungeon.
You were not hungry.

You visited 1 branch of the dungeon, and saw 2 of its levels.

You collected 115 gold pieces.

Inventory:

Missiles
 c - 3 throwing nets (quivered)
Armour
 b - a +0 helmet (worn)
 n - a +0 scale mail (worn)
 p - a cursed +0 pair of boots (worn)
Scrolls
 e - 2 scrolls of remove curse {unknown}
 g - 5 scrolls of identify {unknown}
 h - a scroll of fog {unknown}
 i - a scroll of amnesia {unknown}
 j - a scroll of enchant weapon {unknown}
 k - 2 scrolls of teleportation {unknown}
 l - a scroll of random uselessness {unknown}
Potions
 f - a potion of heal wounds {unknown}
 m - a potion of curing {unknown}
Comestibles
 d - 4 rations
 o - 2 chunks of flesh


   Skills:
 + Level 2.8 Fighting
 - Level 1.7 Throwing
 + Level 3.2 Dodging
 + Level 3.2 Unarmed Combat


You had 2 spell levels left.
You didn't know any spells.
Your spell library was empty.

Dungeon Overview and Level Annotations

Branches:
Dungeon (2/15)

Altars:


Innate Abilities, Weirdness & Mutations

You are partially covered in thin metallic scales. (AC +2)


Message History

You hit the gnoll but do no damage.
The gnoll is almost dead.
The gnoll hits you but does no damage.
You barely miss the gnoll.
The gnoll is almost dead.
The gnoll hits you from afar with a +0 spear.
* * * LOW HITPOINT WARNING * * *
The gnoll hits you but does no damage.
You hit the gnoll but do no damage.
The gnoll is almost dead.
The gnoll closely misses you. The gnoll hits you.
* * * LOW HITPOINT WARNING * * *
You hit the gnoll.
You kill the gnoll!
The gnoll hits you but does no damage. The gnoll hits you but does no damage.
You see here a gnoll corpse.
You closely miss the gnoll. The gnoll hits you but does no damage.
You hit the gnoll but do no damage. The gnoll hits you with a +0 spear.
You die...

[##)##.#....#
#..#####.##.#.#...)
....##.#....#
##..........#.#.###
....##.'....#
#..####.####.##...
....####....# #..# #.# #.....#
....# #....# #..## #.# #######
....# #....# #...# #.# #..)..
....# ###'## #.#.###.# #.####
....# #.# #.#..##.# #.####
....#### #.# #@##.##.# #....#
#....#'#####g#...#.# ####.#
#.........#..#.#.#.# #.#
#...............#...########'#
#......#.#''#.#.##..##........
#........#..#...##.>##........
#......########.###.##........
....... +.###.########..
....... +.....##########


You could see a gnoll.

Vanquished Creatures
  An adder (D:2)
  A gnoll (D:2)
  A worm (D:2)
  A leopard gecko (D:1)
  2 giant cockroaches (D:1)
  4 goblins
  A hobgoblin (D:2)
  3 kobolds
  A ball python (D:2)
  6 bats
  A frilled lizard (D:1)
  5 rats
27 creatures vanquished.

Notes
Turn   | Place    | Note
-------+----------+-------------------------------------------
     0 | D:1      | Arum the Demonspawn Gladiator began the quest for the Orb.
     0 | D:1      | Reached XP level 1. HP: 16/16 MP: 1/1
     2 | D:1      | Noticed a formicid
     2 | D:1      | Noticed a troll
     4 | D:1      | Noticed a draconian
     4 | D:1      | Noticed an ogre
     6 | D:1      | Noticed a gargoyle
     6 | D:1      | Noticed an octopode
     8 | D:1      | Noticed a felid
    10 | D:1      | Noticed a demonspawn
    10 | D:1      | Noticed a human
    12 | D:1      | Noticed a demigod
    12 | D:1      | Noticed a centaur
    14 | D:1      | Noticed a halfling
    14 | D:1      | Noticed a spriggan
    16 | D:1      | Noticed a naga
    18 | D:1      | Noticed a tengu
    18 | D:1      | Noticed a dwarf
    22 | D:1      | Noticed an elf
    22 | D:1      | Noticed a merfolk
    24 | D:1      | Noticed a vine stalker
    24 | D:1      | Noticed a minotaur
    26 | D:1      | Noticed a vampire
    26 | D:1      | Noticed a ghoul
   200 | D:1      | Gained mutation: You are partially covered in thin metallic
                  | scales. (AC +2) [demonic ancestry]
   200 | D:1      | Reached XP level 2. HP: 20/22 MP: 2/2
   696 | D:2      | Reached XP level 3. HP: 22/28 MP: 3/3
  1222 | D:2      | HP: 1/28 [gnoll (5)]
  1226 | D:2      | Slain by a gnoll

Levels and vault maps discovered:
D:1:      kb_arrival_jail, layout_basic, chequers_serial_rivers_micro_e
D:2:      layout_basic, grunt_temple_overflow_diamond, minmay_mini_jars

Skill      XL: |  1  2 |
---------------+-------+-----
Dodging        | 3 |  3.2
Unarmed Combat | 3 |  3.2
Fighting       | |  2.8
Throwing       | |  1.7

Action                   || total
-------------------------++-------
Melee: Unarmed           ||   119
  Eat: Chunk             ||     1
Armor: Leather armour    ||    19
       Scale mail        ||    35
Dodge: Dodged            ||    72
